 Dungeon Crawl Stone Soup version 0.31-a0-175-g9f7f995f2b (webtiles) character file.

Game seed: 7300531363088251811

149725 qw the Crack Shot (level 17, -4/114 HPs)
             Began as a Gargoyle Hunter on June 16, 2023.
             Was a High Priest of Okawaru.
             Slain by a spriggan rider
             ... wielding a +0 spear
             ... led by a spriggan druid
              (11 damage)
             ... on level 1 of the Swamp.
             The game lasted 00:09:53 (21507 turns).

qw the Crack Shot (Gargoyle Hunter)                Turns: 21507, Time: 00:09:54

Health: -4/114     AC: 20    Str: 21    XL:     17   Next: 52%
Magic:  24/24      EV: 34    Int:  9    God:    Okawaru [*****.]
Gold:   2594       SH:  5    Dex: 33    Spells: 16/16 levels left

rFire   . . .        n - +1 triple crossbow of the Grinning Owl {heavy, Str+3 Dex+3}
rCold   + . .        (shield currently unavailable)
rNeg    + . .        B - +0 ring mail of Ehean {rC+ Regen+ Dex+5}
rPois   inf          d - +2 hat
rElec   +            e - +1 cloak
rCorr   .            (no gloves)
SInv    .            g - +2 pair of boots
Will    +....        r - amulet of reflection
Stlth   ++++         f - +6 ring of dexterity
HPRegen 1.19/turn    A - +5 ring of evasion
MPRegen 0.19/turn

%: reflection
@: heroic, marked, corroded, flying
A: sickness immunity, AC +12, big wings, negative energy resistance 1,
electricity resistance, torment resistance 1, petrification resistance
a: Renounce Religion, Heroism, Finesse, Duel


You were on level 1 of the Swamp.
You worshipped Okawaru.
Okawaru was extremely pleased with you.
You visited 5 branches of the dungeon, and saw 26 of its levels.

You collected 3833 gold pieces.
You spent 1239 gold pieces at shops.


Innate Abilities, Weirdness & Mutations

You are immune to sickness and miasma.
Your stone body is resilient. (AC +12)
You are immune to poison.
Your large and strong wings let you fly.
You resist negative energy. (rN+)
You are resistant to electric shocks. (rElec)
You are resistant to unholy torment.
You are immune to petrification.


   Skills:
 + Level 15.7(20.7) Fighting
 - Level 22.0(27) Ranged Weapons
 - Level 8.0(13.0) Armour
 - Level 11.0(16.0) Dodging
 - Level 1.1(6.1) Stealth
 - Level 10.0 Invocations


You had 16 spell levels left.
You didn't know any spells.
Your spell library was empty.

Inventory:

Hand Weapons
 k - a +0 triple crossbow
 n - the +1 triple crossbow of the Grinning Owl (weapon) {heavy, Str+3 Dex+3}
   (You bought it in a shop on level 5 of the Dungeon)

   Str:       It affects your strength (+3).
   Dex:       It affects your dexterity (+3).
Armour
 d - a +2 hat (worn)
 e - a +1 cloak (worn)
 g - a +2 pair of boots (worn)
 y - the scarf of Okawaru's Respect {harm, rC+ rCorr Str+3 Dex-2}
   (Okawaru gifted it to you on level 4 of the Lair of Beasts)

   Str:       It affects your strength (+3).
   Dex:       It affects your dexterity (-2).
   rC:        It protects you from cold.
   rCorr:     It protects you from acid and corrosion.
 B - the +0 ring mail of Ehean (worn) {rC+ Regen+ Dex+5}
   (Okawaru gifted it to you on level 12 of the Dungeon)

   Dex:       It affects your dexterity (+5).
   rC:        It protects you from cold.
   Regen:     It increases your rate of health regeneration.
Jewellery
 f - a +6 ring of dexterity (left hand)
 j - a ring of fire
 m - a ring of resist corrosion
 q - a ring of protection from cold
 r - an amulet of reflection (around neck)
 t - a ring of protection from fire
 A - a +5 ring of evasion (right hand)
Wands
 x - a wand of digging (8)
Scrolls
 b - 4 scrolls of teleportation
 c - a scroll of brand weapon
 l - 4 scrolls of identify
 w - a scroll of enchant weapon
Potions
 a - 3 potions of cancellation
 h - a potion of attraction
 i - 4 potions of resistance
 o - 6 potions of lignification
 p - a potion of might
 s - a potion of magic
 u - 4 potions of heal wounds
 z - 2 potions of haste

Dungeon Overview and Level Annotations

Branches:
Dungeon (15/15)            Temple (0/1) D:7            Lair (5/5) D:11
  Swamp (1/4) Lair:3       Spider (3/4) Lair:3        Slime (0/5) Lair:4
    Orc (2/2) D:9             Elf (0/3) Orc:2        Vaults (0/5) D:14
 Depths (0/4) D:15

Altars:
Ashenzari
Nemelex Xobeh
Okawaru
Sif Muna
Uskayaw
Wu Jian
Xom
Yredelemnul
Zin
Lugonu

Shops:
D:2 [   D:5 (   D:8 [   D:9 :   D:15 (   Orc:2 ::=

Portals:
Abyss: Lair:5
Trove: D:15 (give 15 scrolls of teleportation)

Annotations:
Lair:4 1 runed translucent door
Lair:5 1 runed translucent door, qw's ghost, journeyman MiHu


Message History

You shoot a bolt. The bolt barely misses the alligator.
The bolt hits the spriggan!!!!
You kill the spriggan!
Okawaru accepts your kill.
You hear a splash. x2
The goliath frog completely misses you.
The alligator puts on a burst of speed!
The spriggan rider hits you but does no damage.
The spriggan rider misses you.
A tyrant leech comes into view.
You block the spriggan rider's attack. The goliath frog misses you.
The spriggan rider hits you but does no damage.
The goliath frog completely misses you. The alligator misses you.
You block the alligator's attack. You block the spriggan rider's attack.
The spriggan rider completely misses you.
The spriggan rider hits you from afar with a +0 spear.
You shoot a bolt. The bolt hits the alligator!!!
The alligator is almost dead.
Your surroundings seem slightly different.
A swamp drake and an alligator come into view.
Found a potion of curing and a leather armour.
You block the goliath frog's attack.
The alligator puts on a burst of speed!
The spriggan rider closely misses you. You block the spriggan rider's attack.
You block the goliath frog's attack. The spriggan rider barely misses you.
Enter note: You shoot a bolt.
The bolt hits the alligator.
The alligator is lightly wounded.
The goliath frog hits you but does no damage.
The goliath frog completely misses you. You block the alligator's attack.
The alligator completely misses you. The spriggan rider closely misses you.
The tyrant leech completely misses you. You block the spriggan rider's attack.
The goliath frog misses you. You block the alligator's attack.
The alligator completely misses you. You block the goliath frog's attack.
The spriggan rider completely misses you.
The tyrant leech bites you!
You shoot a bolt. The bolt hits the alligator!!
The alligator is moderately wounded.
The goliath frog hits you from afar!! The acid corrodes you!
You are splashed with acid!
The spriggan rider hits you from afar with a +0 spear!
You die...

.........77..7
~~...w..~~~.777
..7
~~~~777~~~~~7.7
..7 ..~7
77.~w~.7:77 .¤7
~~~ 7..~.~..i~7
k~7 .~
7.......it77.~7
77......iii~~.7
77...7.wF~t.~7
7.7.77~Fw@¤~7
77777..i~~~.7
77).~~~.~7
77~..7.~[7
7~~~77.~.7
~7)77 7~77 .~~~
.7 ~!¤~7 [


You could see 2 alligators, 3 tyrant leeches, 6 spriggan riders, 2 goliath frogs
and a swamp drake.

Vanquished Creatures
  Arachne (Spider:3)
  Jorgrun (D:12)
  Donald (Spider:2)
  A fenstrider witch (Swamp:1)
  2 emperor scorpions (Spider:3)
  A broodmother (Spider:3)
  Nessos (D:12)
  Azrael (D:12)
  2 spark wasps
  Josephine (Spider:1)
  An entropy weaver (shapeshifter) (Lair:5)
  2 entropy weavers
  A fire dragon (D:15)
  A vault guard (D:14)
  Fannar (D:10)
  9 hydras
  Harold (D:9)
  A jorogumo (Spider:2)
  3 catoblepae
  2 ogre magi (Orc:2)
  An anaconda (shapeshifter) (Lair:5)
  13 two-headed ogres
  An alligator (Swamp:1)
  4 death yaks (Lair:3)
  8 centaur warriors
  9 boulder beetles
  An orc high priest (Orc:2)
  5 demonic crawlers
  Urug (D:12)
  3 thrashing horrors (Lair:5)
  2 skysharks (Lair:3)
  9 pharaoh ants
  3 orb spiders
  A bog body (Lair:3)
  A spriggan druid (Swamp:1)
  2 deep trolls (Orc:2)
  A wizard (D:15)
  A necromancer (D:15)
  3 deep elf pyromancers
  2 manticores
  3 orc sorcerers
  12 ugly things
  7 cyclopes
  14 wolf spiders
  2 moths of wrath
  2 will-o-the-wisps (Swamp:1)
  A black mamba (shapeshifter) (Lair:5)
  7 elephants
  10 cane toads
  A naga mage (D:15)
  2 smoke demons (Lair:5)
  An unseen horror (D:12)
  A centaur skeleton (D:15)
  4 torpor snails
  3 kobold demonologists
  6 rime drakes
  2 unseen horror zombies (D:8)
  2 efreet
  An ancient zyme (Lair:5)
  10 trolls
  10 komodo dragons
  16 tarantellas
  6 polar bears
  4 large abominations (Lair:5)
  A raiju (shapeshifter) (D:14)
  A harpy skeleton (D:15)
  25 blink frogs
  31 jumping spiders
  14 culicivoras
  11 slime creatures
  7 wraiths
  A ynoxinul (Lair:5)
  9 wyverns
  A spriggan (Swamp:1)
  2 vampires
  52 yaks
  2 fire elementals (D:12)
  A yak (shapeshifter) (Lair:5)
  9 basilisks
  4 vampire mosquitoes (D:12)
  A steam dragon (D:8)
  57 redbacks
  10 small abominations (Lair:5)
  6 wargs
  18 water moccasins
  2 hell hounds (D:12)
  4 swamp worms (Swamp:1)
  An acid dragon (D:8)
  A sky beast (shapeshifter) (D:14)
  20 orc warriors
  5 ice beasts
  8 black bears
  11 wolves
  23 ogres
  13 centaurs
  A phantom (D:4)
  6 kobold brigands
  11 bullfrogs
  2 wyvern zombies (D:8)
  A scorpion (D:5)
  9 wights
  18 killer bees
  2 electric eels
  2 centaur zombies
  16 orc priests
  A gnoll bouda (D:10)
  4 hounds
  3 jellies
  A sleepcap (D:6)
  26 orc wizards
  12 hell rats
  2 killer bee zombies (D:8)
  A howler monkey zombie (D:8)
  6 gnolls
  11 adders
  A shadow imp (D:6)
  3 white imps
  3 ufetubi
  2 worms
  3 dart slugs
  61 orcs
  6 bats
  5 endoplasms
  4 giant cockroaches
  10 goblins
  8 hobgoblins
  6 quokkas
  3 training dummies (D:5)
  8 ball pythons
  A frilled lizard (D:2)
  21 kobolds
  5 rats
868 creatures vanquished.

Vanquished Creatures (others)
  2 foxfires (Swamp:1)
2 creatures vanquished.

Grand Total: 870 creatures vanquished

Notes
Turn   | Place    | Note
-------+----------+-------------------------------------------
     0 | D:1      | qw the Gargoyle Hunter began the quest for the Orb.
     0 | D:1      | Reached XP level 1. HP: 12/12 MP: 1/1
     0 | D:1      | 0 ||| qw: Version: 0.2-a-29-g511e9b1
     0 | D:1      | 0 ||| qw: Game counter: 5694
     0 | D:1      | 0 ||| qw: Always use a shield: true
     0 | D:1      | 0 ||| qw: God list: Okawaru
     0 | D:1      | 0 ||| qw: Allow faded altars: false
     0 | D:1      | 0 ||| qw: Do Orc after D:15 true
     0 | D:1      | 0 ||| qw: Do second Lair branch before Depths: true
     0 | D:1      | 0 ||| qw: Lair rune preference: random
     0 | D:1      | 0 ||| qw: Plans: Normal, Zot:1-4, Slime:5, God:TSO, Crypt,
                  | Tomb, Abyss, Pan, Hells, Win
     0 | D:1      | 0 ||| PLANNING D:1-11
   191 | D:1      | Reached XP level 2. HP: 17/17 MP: 2/2
   656 | D:1      | 656 ||| UPGRADING to +0 pair of boots.
   661 | D:1      | 661 ||| READING scroll labelled VENKOUMEODI.
   665 | D:1      | 665 ||| READING scroll labelled WACUPU GEGHEUTIKK.
   666 | D:1      | 666 ||| READING scroll labelled FEC JYPAYLUN.
   667 | D:1      | 667 ||| READING scroll labelled XUIHIJ COCREPNY.
   667 | D:1      | Identified a scroll of acquirement
   667 | D:1      | 667 ||| ACQUIRING 1080 gold pieces
   667 | D:1      | Acquired 1080 gold pieces
   669 | D:1      | 669 ||| READING scroll labelled QEDOHOURIP.
   670 | D:1      | 670 ||| DROPPING scroll of butterflies.
   755 | D:2      | Reached skill level 5 in Ranged Weapons
   755 | D:2      | Reached XP level 3. HP: 21/21 MP: 3/3
   777 | D:2      | Found Aloxaed's Armour Shop.
   795 | D:2      | 795 ||| BUYING +0 helmet (45 gold).
   795 | D:2      | Bought a +0 helmet for 45 gold pieces
   795 | D:2      | 795 ||| BUYING +0 ring mail (40 gold).
   795 | D:2      | Bought a +0 ring mail for 40 gold pieces
   795 | D:2      | 795 ||| BUYING +2 hat (160 gold).
   795 | D:2      | Bought a +2 hat for 160 gold pieces
   892 | D:2      | Reached skill level 3 in Fighting
   892 | D:2      | Reached XP level 4. HP: 28/28 MP: 4/4
  1376 | D:2      | 1376 ||| UPGRADING to +0 helmet.
  1381 | D:2      | 1381 ||| UPGRADING to +0 ring mail.
  1391 | D:2      | 1391 ||| DROPPING +0 leather armour.
  1392 | D:2      | 1392 ||| UPGRADING to +2 hat.
  1402 | D:2      | 1402 ||| DROPPING +0 helmet.
  1403 | D:2      | 1403 ||| UPGRADING to +6 ring of dexterity.
  1404 | D:2      | 1404 ||| READING scroll labelled FOIGRU YTURET.
  1405 | D:2      | 1405 ||| READING scroll labelled BUCROGAH ESKIP.
  1506 | D:2      | 1506 ||| READING scroll labelled ZOTESKECLUU.
  1629 | D:3      | Reached skill level 1 in Armour
  1836 | D:3      | Found a glowing silver altar of Zin.
  1884 | D:3      | 1884 ||| READING 2 scrolls of identify.
  1884 | D:3      | 1884 ||| IDENTIFYING glowing emerald potion
  2005 | D:4      | Found an ornate altar of the Wu Jian Council.
  2064 | D:4      | Found an iron altar of Okawaru.
  2065 | D:4      | Found a broken altar of Ashenzari.
  2202 | D:4      | Noticed an ogre
  2207 | D:4      | HP: 6/28 [ogre/+0 giant spiked club (22)]
  2208 | D:4      | 2208 ||| READING scroll of teleportation.
  2210 | D:4      | Killed an ogre
  2211 | D:4      | Reached skill level 6 in Ranged Weapons
  2211 | D:4      | Reached XP level 5. HP: 4/32 MP: 5/5
  2345 | D:4      | Noticed an ogre
  2348 | D:4      | Killed an ogre
  2349 | D:4      | Reached XP level 6. HP: 38/38 MP: 6/6
  2482 | D:4      | Identified the +8 mace "Pegamahu" {freeze, *Noise Will+
                  | Int+2}
  2946 | D:4      | 2946 ||| UPGRADING to ring of protection from cold.
  2947 | D:4      | 2947 ||| READING scroll labelled ANUNNA NOLOE.
  2948 | D:4      | 2948 ||| DRINKING 2 blue potions.
  2949 | D:4      | 2949 ||| READING 2 scrolls of identify.
  2949 | D:4      | 2949 ||| IDENTIFYING purple potion
  3003 | D:5      | Entered Level 5 of the Dungeon
  3042 | D:5      | Reached skill level 7 in Ranged Weapons
  3042 | D:5      | Reached XP level 7. HP: 43/43 MP: 7/7
  3167 | D:5      | 3167 ||| READING scroll labelled TUNEYSEBAU.
  3168 | D:5      | 3168 ||| READING scroll labelled UTYFRY DUCVOOX.
  3179 | D:5      | 3179 ||| STAIRDANCE
  3181 | D:4      | 3181 ||| PLANNING OKAWARU WORSHIP
  3188 | D:4      | Became a worshipper of Warmaster Okawaru
  3189 | D:4      | 3189 ||| PLANNING D:1-11
  3217 | D:5      | Found Huaron's Firing Range.
  3225 | D:5      | 3225 ||| BUYING +0 orcbow (38 gold).
  3225 | D:5      | Bought a +0 orcbow for 38 gold pieces
  3225 | D:5      | 3225 ||| BUYING +0 triple crossbow (110 gold).
  3225 | D:5      | Bought a +0 triple crossbow for 110 gold pieces
  3225 | D:5      | 3225 ||| BUYING +1 triple crossbow of the Grinning Owl
                  | {heavy, Str+3 Dex+3} (468 gold).
  3225 | D:5      | Bought the +1 triple crossbow of the Grinning Owl {heavy,
                  | Str+3 Dex+3} for 468 gold pieces
  3225 | D:5      | 3225 ||| UPGRADING to +0 orcbow.
  3226 | D:5      | 3226 ||| UPGRADING to +0 triple crossbow.
  3227 | D:5      | 3227 ||| DROPPING +0 orcbow.
  3228 | D:5      | 3228 ||| UPGRADING to +1 triple crossbow of the Grinning
                  | Owl {heavy, Str+3 Dex+3}.
  3229 | D:5      | 3229 ||| DROPPING +1 shortbow of electrocution.
  3264 | D:5      | HP: 10/43 [killer bee (6)]
  3265 | D:5      | 3265 ||| DRINKING potion of heal wounds.
  3267 | D:5      | Reached skill level 8 in Ranged Weapons
  3408 | D:5      | Reached * piety under Okawaru
  3409 | D:5      | Reached XP level 8. HP: 49/49 MP: 8/8
  3485 | D:5      | Found a shimmering blue altar of Sif Muna.
  3495 | D:5      | Reached skill level 1 in Invocations
  3673 | D:5      | 3673 ||| DROPPING ring of ice.
  3674 | D:5      | 3674 ||| READING 2 scrolls of identify.
  3674 | D:5      | 3674 ||| IDENTIFYING white potion
  3675 | D:5      | 3675 ||| DROPPING potion of degeneration.
  3752 | D:6      | 3752 ||| INVOKING Heroism.
  3848 | D:6      | Found a sparkling altar of Nemelex Xobeh.
  3900 | D:6      | 3900 ||| Stepping ~*~*~tactically~*~*~ (outnumbered).
  3902 | D:6      | 3902 ||| Stepping ~*~*~tactically~*~*~ (outnumbered).
  4185 | D:6      | Reached skill level 3 in Invocations
  4451 | D:6      | 4451 ||| INVOKING Heroism.
  4594 | D:7      | 4594 ||| INVOKING Heroism.
  4599 | D:7      | Reached skill level 9 in Ranged Weapons
  4599 | D:7      | 4599 ||| STAIRDANCE
  4601 | D:7      | 4601 ||| DRINKING potion of curing.
  4601 | D:7      | 4601 ||| (to cure confusion)
  4605 | D:7      | 4605 ||| STAIRDANCE
  4607 | D:6      | 4607 ||| INVOKING Heroism.
  4616 | D:6      | 4616 ||| INVOKING Heroism.
  4822 | D:7      | Reached skill level 3 in Dodging
  4829 | D:7      | 4829 ||| INVOKING Heroism.
  4834 | D:7      | Reached skill level 6 in Fighting
  4834 | D:7      | Reached XP level 9. HP: 42/55 MP: 10/12
  4838 | D:7      | 4838 ||| INVOKING Heroism.
  4990 | D:7      | 4990 ||| INVOKING Heroism.
  5015 | D:7      | Found a staircase to the Ecumenical Temple.
  5199 | D:7      | Reached skill level 10 in Ranged Weapons
  5307 | D:7      | HP: 11/56 [killer bee (6)]
  5308 | D:7      | 5308 ||| DRINKING potion of heal wounds.
  5311 | D:7      | 5311 ||| INVOKING Heroism.
  5312 | D:7      | HP: 10/56 [killer bee (1)]
  5315 | D:7      | HP: 1/56 [killer bee (7)]
  5709 | D:7      | 5709 ||| INVOKING Heroism.
  5829 | D:7      | 5829 ||| DROPPING ring of positive energy.
  5830 | D:7      | 5830 ||| UPGRADING to +4 ring of protection.
  5832 | D:7      | 5832 ||| READING scroll labelled QUMMOKLUBEUPT.
  5833 | D:7      | 5833 ||| READING scroll labelled YZISTIK TOUCS.
  5834 | D:7      | 5834 ||| DRINKING 2 fizzy red potions.
  5841 | D:7      | 5841 ||| DROPPING potion of ambrosia.
  5924 | D:8      | Found Uczofur's Antique Armour Emporium.
  5930 | D:8      | 5930 ||| BUYING shiny ring mail (189 gold).
  5930 | D:8      | Bought a shiny ring mail for 189 gold pieces
  5930 | D:8      | 5930 ||| BUYING translucent leather armour (189 gold).
  5930 | D:8      | Bought a translucent leather armour for 189 gold pieces
  5930 | D:8      | Identified the +1 leather armour "Ylenlai" {Harm Str+2}
                  | (You bought it in a shop on level 8 of the Dungeon)
  5944 | D:8      | Found a basalt altar of Yredelemnul.
  5950 | D:8      | 5950 ||| INVOKING Heroism.
  5956 | D:8      | HP: 12/57 [wyvern zombie (4)]
  5958 | D:8      | HP: 5/57 [wyvern zombie (1)]
  6153 | D:8      | Reached skill level 11 in Ranged Weapons
  6229 | D:8      | 6229 ||| FLEEEEING.
  6230 | D:8      | 6230 ||| FLEEEEING.
  6231 | D:8      | 6231 ||| FLEEEEING.
  6237 | D:8      | 6237 ||| FLEEEEING.
  6238 | D:8      | 6238 ||| FLEEEEING.
  6239 | D:8      | 6239 ||| FLEEEEING.
  6240 | D:8      | 6240 ||| FLEEEEING.
  6249 | D:8      | 6249 ||| FLEEEEING.
  6250 | D:8      | 6250 ||| FLEEEEING.
  6251 | D:8      | 6251 ||| FLEEEEING.
  6252 | D:8      | 6252 ||| FLEEEEING.
  6253 | D:8      | 6253 ||| FLEEEEING.
  6259 | D:8      | 6259 ||| FLEEEEING.
  6267 | D:8      | 6267 ||| FLEEEEING.
  6268 | D:8      | 6268 ||| FLEEEEING.
  6269 | D:8      | 6269 ||| FLEEEEING.
  6270 | D:8      | 6270 ||| FLEEEEING.
  6271 | D:8      | 6271 ||| FLEEEEING.
  6272 | D:8      | 6272 ||| FLEEEEING.
  6273 | D:8      | 6273 ||| FLEEEEING.
  6279 | D:8      | 6279 ||| FLEEEEING.
  6280 | D:8      | 6280 ||| FLEEEEING.
  6281 | D:8      | 6281 ||| FLEEEEING.
  6296 | D:8      | 6296 ||| INVOKING Heroism.
  6298 | D:8      | Reached skill level 3 in Armour
  6298 | D:8      | Reached XP level 10. HP: 39/63 MP: 10/13
  6392 | D:8      | 6392 ||| INVOKING Heroism.
  6453 | D:8      | Noticed a two-headed ogre
  6454 | D:8      | 6454 ||| INVOKING Heroism.
  6455 | D:8      | Killed a two-headed ogre
  6480 | D:8      | 6480 ||| INVOKING Heroism.
  6492 | D:8      | 6492 ||| INVOKING Heroism.
  6746 | D:8      | Noticed a two-headed ogre
  6747 | D:8      | 6747 ||| INVOKING Heroism.
  6749 | D:8      | Killed a two-headed ogre
  6749 | D:8      | Reached ** piety under Okawaru
  6853 | D:8      | Found a shimmering altar of Xom.
  6995 | D:8      | 6995 ||| UPGRADING to +3 ring mail of poison resistance.
  7005 | D:8      | 7005 ||| DROPPING +0 ring mail.
  7006 | D:8      | 7006 ||| DROPPING +1 leather armour "Ylenlai" {Harm Str+2}.
  7007 | D:8      | 7007 ||| DROPPING +0 ring mail of poison resistance.
  7008 | D:8      | 7008 ||| READING 2 scrolls labelled VIBROACUNA.
  7053 | D:8      | 7053 ||| READING scroll labelled ANIXEMIATH.
  7054 | D:8      | 7054 ||| READING 2 scrolls of identify.
  7054 | D:8      | 7054 ||| IDENTIFYING smoky dark potion
  7055 | D:8      | 7055 ||| DROPPING potion of brilliance.
  7056 | D:8      | 7056 ||| DROPPING scroll of torment.
  7073 | D:9      | Found a staircase to the Orcish Mines.
  7079 | D:9      | Noticed a kobold demonologist
  7080 | D:9      | Reached skill level 12 in Ranged Weapons
  7088 | D:9      | Killed a kobold demonologist
  7114 | D:9      | 7114 ||| FLEEEEING.
  7121 | D:9      | 7121 ||| INVOKING Heroism.
  7125 | D:9      | HP: 16/65 [something (2)]
  7299 | D:9      | Noticed Harold
  7300 | D:9      | 7300 ||| INVOKING Heroism.
  7303 | D:9      | Killed Harold
  7426 | D:9      | Reached *** piety under Okawaru
  7430 | D:9      | 7430 ||| INVOKING Heroism.
  7432 | D:9      | Reached XP level 11. HP: 49/69 MP: 11/14
  7502 | D:9      | 7502 ||| READING scroll of enchant armour.
  7502 | D:9      | 7502 ||| ENCHANTING +0 pair of boots.
  7615 | D:9      | 7615 ||| INVOKING Heroism.
  7716 | D:9      | Reached skill level 13 in Ranged Weapons
  7890 | D:9      | Found a hide-covered altar of Uskayaw.
  7896 | D:9      | Reached skill level 9 in Fighting
  7945 | D:9      | Found Wughiwer's Book Shoppe.
  8127 | D:9      | 8127 ||| UPGRADING to +0 cloak.
  8132 | D:9      | 8132 ||| DRINKING 3 ruby potions.
  8133 | D:9      | 8133 ||| DROPPING 2 potions of enlightenment.
  8156 | D:10     | Entered Level 10 of the Dungeon
  8159 | D:10     | Noticed Fannar
  8161 | D:10     | Killed Fannar
  8191 | D:10     | 8191 ||| INVOKING Heroism.
  8196 | D:10     | Noticed a two-headed ogre
  8198 | D:10     | Killed a two-headed ogre
  8241 | D:10     | Reached **** piety under Okawaru
  8371 | D:10     | 8371 ||| INVOKING Heroism.
  8464 | D:10     | Noticed a two-headed ogre
  8465 | D:10     | 8465 ||| INVOKING Heroism.
  8467 | D:10     | Killed a two-headed ogre
  8986 | D:10     | 8986 ||| DROPPING ring of see invisible.
  8987 | D:10     | 8987 ||| READING scroll labelled ZUWITH TEAKH.
  9076 | D:11     | Found a staircase to the Lair.
  9076 | D:11     | Noticed a manticore
  9077 | D:11     | 9077 ||| INVOKING Heroism.
  9080 | D:11     | Reached skill level 14 in Ranged Weapons
  9083 | D:11     | Killed a manticore
  9086 | D:11     | 9086 ||| FLEEEEING.
  9087 | D:11     | 9087 ||| FLEEEEING.
  9088 | D:11     | 9088 ||| FLEEEEING.
  9089 | D:11     | 9089 ||| FLEEEEING.
  9090 | D:11     | 9090 ||| FLEEEEING.
  9091 | D:11     | 9091 ||| STAIRDANCE
  9132 | D:11     | 9132 ||| STAIRDANCE
  9211 | D:11     | Reached skill level 6 in Invocations
  9213 | D:11     | 9213 ||| INVOKING Heroism.
  9338 | D:11     | Noticed a boulder beetle
  9339 | D:11     | 9339 ||| INVOKING Heroism.
  9342 | D:11     | Killed a boulder beetle
  9342 | D:11     | Noticed a boulder beetle
  9343 | D:11     | Reached XP level 12. HP: 77/77 MP: 14/17
  9348 | D:11     | Killed a boulder beetle
  9424 | D:11     | Reached skill level 6 in Dodging
  9868 | D:11     | 9868 ||| PLANNING LAIR
  9868 | D:11     | 9868 ||| UPGRADING to +0 troll leather armour.
  9878 | D:11     | 9878 ||| DROPPING +3 ring mail of poison resistance.
  9901 | Lair:1   | Entered Level 1 of the Lair of Beasts
  9905 | Lair:1   | 9905 ||| STAIRDANCE
  9924 | Lair:1   | Noticed a catoblepas
  9925 | Lair:1   | 9925 ||| INVOKING Heroism.
  9932 | Lair:1   | Killed a catoblepas
  9932 | Lair:1   | Received a gift from Okawaru
  9939 | Lair:1   | 9939 ||| INVOKING Heroism.
 10007 | Lair:1   | 10007 ||| INVOKING Heroism.
 10154 | Lair:1   | 10154 ||| INVOKING Heroism.
 10311 | Lair:1   | 10311 ||| INVOKING Heroism.
 10376 | Lair:1   | 10376 ||| INVOKING Heroism.
 10380 | Lair:1   | Reached skill level 9 in Invocations
 10475 | Lair:1   | Noticed a four-headed hydra
 10477 | Lair:1   | 10477 ||| INVOKING Heroism.
 10478 | Lair:1   | Killed a four-headed hydra
 10490 | Lair:1   | Noticed a four-headed hydra
 10493 | Lair:1   | Killed a four-headed hydra
 10512 | Lair:1   | Reached skill level 15 in Ranged Weapons
 10519 | Lair:1   | Reached ***** piety under Okawaru
 11007 | Lair:2   | Reached XP level 13. HP: 82/82 MP: 20/20
 11075 | Lair:2   | 11075 ||| INVOKING Heroism.
 11076 | Lair:2   | 11076 ||| INVOKING Finesse.
 11452 | Lair:2   | 11452 ||| DROPPING ring of wizardry.
 11483 | Lair:2   | 11483 ||| INVOKING Heroism.
 11671 | Lair:2   | 11671 ||| UPGRADING to amulet of regeneration.
 11676 | Lair:2   | 11676 ||| DRINKING 4 inky potions.
 11734 | Lair:2   | 11734 ||| READING 5 scrolls of identify.
 11734 | Lair:2   | 11734 ||| IDENTIFYING fizzy dark potion
 11735 | Lair:2   | 11735 ||| READING 4 scrolls of identify.
 11735 | Lair:2   | 11735 ||| IDENTIFYING glowing clear potion
 11793 | Lair:3   | 11793 ||| INVOKING Heroism.
 11794 | Lair:3   | 11794 ||| INVOKING Finesse.
 11799 | Lair:3   | Reached skill level 16 in Ranged Weapons
 11836 | Lair:3   | 11836 ||| INVOKING Heroism.
 11883 | Lair:3   | Found a staircase to the Swamp.
 12048 | Lair:3   | Found a hole to the Spider Nest.
 12121 | Lair:3   | 12121 ||| INVOKING Heroism.
 12122 | Lair:3   | 12122 ||| INVOKING Finesse.
 12268 | Lair:3   | Found a broken altar of Ashenzari.
 12398 | Lair:3   | 12398 ||| INVOKING Heroism.
 12529 | Lair:3   | 12529 ||| DROPPING +6 ring of strength.
 12530 | Lair:3   | 12530 ||| READING 4 scrolls of identify.
 12530 | Lair:3   | 12530 ||| IDENTIFYING smoky coppery potion
 12559 | Lair:4   | 12559 ||| STAIRDANCE
 12579 | Lair:4   | Identified the scarf of Okawaru's Respect {harm, rC+ rCorr
                  | Str+3 Dex-2} (Okawaru gifted it to you on level 4 of the
                  | Lair of Beasts)
 12579 | Lair:4   | Received a gift from Okawaru
 12584 | Lair:4   | 12584 ||| INVOKING Heroism.
 12595 | Lair:4   | Reached skill level 17 in Ranged Weapons
 12646 | Lair:4   | 12646 ||| INVOKING Heroism.
 12679 | Lair:4   | 12679 ||| INVOKING Heroism.
 12704 | Lair:4   | 12704 ||| INVOKING Heroism.
 12739 | Lair:4   | Gained mutation: Your large and strong wings let you fly.
                  | [Gargoyle growth]
 12739 | Lair:4   | Reached XP level 14. HP: 86/90 MP: 21/21
 12794 | Lair:4   | 12794 ||| INVOKING Heroism.
 12795 | Lair:4   | 12795 ||| INVOKING Finesse.
 12909 | Lair:4   | 12909 ||| INVOKING Heroism.
 13079 | Lair:4   | 13079 ||| READING scroll of enchant armour.
 13079 | Lair:4   | 13079 ||| ENCHANTING +1 pair of boots.
 13255 | Lair:4   | Found a runed translucent door.
 13258 | Lair:4   | Found a staircase to the Slime Pits.
 13332 | Lair:4   | 13332 ||| INVOKING Heroism.
 13362 | Lair:4   | 13362 ||| INVOKING Heroism.
 13535 | Lair:4   | Reached skill level 18 in Ranged Weapons
 13577 | Lair:4   | 13577 ||| UPGRADING to +5 ring of evasion.
 13579 | Lair:4   | 13579 ||| DROPPING +4 ring of protection.
 13592 | Lair:5   | Entered Level 5 of the Lair of Beasts
 13616 | Lair:5   | 13616 ||| INVOKING Heroism.
 13657 | Lair:5   | 13657 ||| INVOKING Heroism.
 13695 | Lair:5   | 13695 ||| READING scroll of enchant armour.
 13695 | Lair:5   | 13695 ||| ENCHANTING +0 cloak.
 13731 | Lair:5   | 13731 ||| INVOKING Heroism.
 13800 | Lair:5   | Reached skill level 12 in Fighting
 13897 | Lair:5   | Found a runed translucent door.
 13899 | Lair:5   | Noticed qw's ghost (journeyman MiHu)
 14121 | Lair:5   | 14121 ||| INVOKING Heroism.
 14142 | Lair:5   | Reached skill level 9 in Dodging
 14263 | Lair:5   | 14263 ||| INVOKING Heroism.
 14291 | Lair:5   | Found a corrupted altar of Lugonu.
 14291 | Lair:5   | Found a one-way gate to the infinite horrors of the Abyss.
 14716 | Lair:5   | 14716 ||| DROPPING +2 leather armour of poison resistance.
 14717 | Lair:5   | 14717 ||| PLANNING D
 14717 | Lair:5   | 14717 ||| DROPPING amulet of guardian spirit.
 14718 | Lair:5   | 14718 ||| READING 5 scrolls of identify.
 14718 | Lair:5   | 14718 ||| IDENTIFYING orange potion
 14802 | D:12     | Identified the +0 ring mail of Ehean {rC+ Regen+ Dex+5}
                  | (Okawaru gifted it to you on level 12 of the Dungeon)
 14802 | D:12     | Received a gift from Okawaru
 14813 | D:12     | Noticed Urug
 14814 | D:12     | 14814 ||| INVOKING Heroism.
 14815 | D:12     | 14815 ||| INVOKING Finesse.
 14818 | D:12     | Killed Urug
 14870 | D:12     | Noticed Azrael
 14871 | D:12     | Reached skill level 19 in Ranged Weapons
 14871 | D:12     | 14871 ||| INVOKING Heroism.
 14872 | D:12     | 14872 ||| INVOKING Finesse.
 14877 | D:12     | Reached XP level 15. HP: 96/96 MP: 14/22
 14878 | D:12     | Killed Azrael
 14933 | D:12     | Noticed Jorgrun
 14934 | D:12     | 14934 ||| INVOKING Heroism.
 14935 | D:12     | 14935 ||| INVOKING Finesse.
 14937 | D:12     | Killed Jorgrun
 14943 | D:12     | Noticed Nessos
 14944 | D:12     | Killed Nessos
 14965 | D:12     | 14965 ||| DROPPING +2 robe of cold resistance.
 15293 | D:12     | 15293 ||| DROPPING +0 leather armour of fire resistance.
 15294 | D:12     | 15294 ||| UPGRADING to +0 ring mail of Ehean {rC+ Regen+
                  | Dex+5}.
 15304 | D:12     | 15304 ||| DROPPING +0 troll leather armour.
 15403 | D:13     | Reached skill level 6 in Armour
 15859 | D:13     | 15859 ||| READING 4 scrolls of identify.
 15859 | D:13     | 15859 ||| IDENTIFYING emerald potion
 16063 | D:14     | 16063 ||| Stepping ~*~*~tactically~*~*~ (outnumbered).
 16065 | D:14     | 16065 ||| Stepping ~*~*~tactically~*~*~ (outnumbered).
 16067 | D:14     | 16067 ||| Stepping ~*~*~tactically~*~*~ (outnumbered).
 16069 | D:14     | 16069 ||| Stepping ~*~*~tactically~*~*~ (outnumbered).
 16071 | D:14     | 16071 ||| Stepping ~*~*~tactically~*~*~ (outnumbered).
 16076 | D:14     | 16076 ||| Stepping ~*~*~tactically~*~*~ (outnumbered).
 16103 | D:14     | Identified the amulet of the Equinox {Spirit Int+2}
 16135 | D:14     | 16135 ||| Stepping ~*~*~tactically~*~*~ (outnumbered).
 16155 | D:14     | 16155 ||| DROPPING amulet of the Equinox {Spirit Int+2}.
 16166 | D:14     | Received a gift from Okawaru
 16219 | D:14     | 16219 ||| Stepping ~*~*~tactically~*~*~ (outnumbered).
 16221 | D:14     | 16221 ||| Stepping ~*~*~tactically~*~*~ (outnumbered).
 16223 | D:14     | 16223 ||| Stepping ~*~*~tactically~*~*~ (outnumbered).
 16231 | D:14     | 16231 ||| DRINKING 4 potions of curing.
 16231 | D:14     | 16231 ||| (to cure confusion)
 16281 | D:14     | Found a gate to the Vaults.
 16282 | D:14     | Received a gift from Okawaru
 16550 | D:15     | Entered Level 15 of the Dungeon
 16763 | D:15     | 16763 ||| Stepping ~*~*~tactically~*~*~ (outnumbered).
 16766 | D:15     | 16766 ||| Stepping ~*~*~tactically~*~*~ (outnumbered).
 16789 | D:15     | 16789 ||| INVOKING Heroism.
 16830 | D:15     | Received a gift from Okawaru
 16837 | D:15     | Found a staircase to the Depths.
 16906 | D:15     | 16906 ||| INVOKING Heroism.
 16975 | D:15     | Found Ybluung's Antique Weapon Boutique.
 16989 | D:15     | 16989 ||| INVOKING Heroism.
 17095 | D:15     | Reached skill level 20 in Ranged Weapons
 17250 | D:15     | 17250 ||| Stepping ~*~*~tactically~*~*~ (outnumbered).
 17301 | D:15     | Found a portal to a secret trove of treasure.
 17414 | D:15     | 17414 ||| PLANNING ORC
 17414 | D:15     | 17414 ||| DROPPING scarf of shadows.
 17617 | Orc:1    | Entered Level 1 of the Orcish Mines
 17711 | Orc:1    | 17711 ||| INVOKING Heroism.
 17892 | Orc:2    | Entered Level 2 of the Orcish Mines
 17894 | Orc:2    | Reached XP level 16. HP: 104/104 MP: 23/23
 17968 | Orc:1    | You are sucked into a shaft and drop 1 floor!
 17984 | Orc:2    | 17984 ||| INVOKING Heroism.
 18000 | Orc:2    | 18000 ||| INVOKING Heroism.
 18011 | Orc:2    | 18011 ||| Stepping ~*~*~tactically~*~*~ (outnumbered).
 18015 | Orc:2    | HP: 25/106 [something (10)]
 18016 | Orc:2    | 18016 ||| READING 8 scrolls of teleportation.
 18017 | Orc:2    | 18017 ||| DRINKING 8 potions of heal wounds.
 18180 | Orc:1    | 18180 ||| Stepping randomly (stuck).
 18281 | Orc:2    | Received a gift from Okawaru
 18297 | Orc:1    | 18297 ||| INVOKING Heroism.
 18517 | Orc:2    | Found a staircase to the Elven Halls.
 18518 | Orc:2    | 18518 ||| INVOKING Heroism.
 18546 | Orc:2    | Found Qixoi's Book Boutique.
 18548 | Orc:2    | Found Timir's Book Shop.
 18563 | Orc:2    | Found Volaicw's Antique Armour Emporium.
 18572 | Orc:2    | Found Kenuj's Jewellery Boutique.
 19041 | Orc:2    | 19041 ||| PLANNING SPIDER:1-3
 19214 | Spider:1 | Entered Level 1 of the Spider Nest
 19219 | Spider:1 | 19219 ||| STAIRDANCE
 19221 | Lair:3   | 19221 ||| INVOKING Heroism.
 19260 | Spider:1 | 19260 ||| STAIRDANCE
 19266 | Lair:3   | 19266 ||| DRINKING 3 potions of curing.
 19266 | Lair:3   | 19266 ||| (to cure confusion)
 19267 | Lair:3   | 19267 ||| DRINKING 2 potions of curing.
 19267 | Lair:3   | 19267 ||| (to cure confusion)
 19316 | Spider:1 | Reached skill level 21 in Ranged Weapons
 19317 | Spider:1 | Noticed Josephine
 19326 | Spider:1 | 19326 ||| INVOKING Heroism.
 19327 | Spider:1 | Killed Josephine
 19346 | Spider:1 | 19346 ||| INVOKING Heroism.
 19367 | Spider:1 | 19367 ||| INVOKING Finesse.
 19376 | Spider:1 | 19376 ||| INVOKING Heroism.
 19379 | Spider:1 | Identified the +1 robe of Rotten Joy {+Inv rF+ Int+2}
                  | (Okawaru gifted it to you on level 1 of the Spider Nest)
 19379 | Spider:1 | Received a gift from Okawaru
 19395 | Spider:1 | HP: 19/106 [wolf spider simulacrum (8)]
 19396 | Spider:1 | 19396 ||| READING 7 scrolls of teleportation.
 19397 | Spider:1 | 19397 ||| DRINKING 7 potions of heal wounds.
 19477 | Spider:1 | 19477 ||| INVOKING Finesse.
 19683 | Spider:1 | 19683 ||| INVOKING Finesse.
 19996 | Spider:2 | 19996 ||| INVOKING Heroism.
 20000 | Spider:2 | Noticed Donald
 20003 | Spider:2 | 20003 ||| INVOKING Finesse.
 20017 | Spider:2 | HP: 21/107 [redback simulacrum (9)]
 20018 | Spider:2 | 20018 ||| READING 6 scrolls of teleportation.
 20019 | Spider:2 | 20019 ||| DRINKING 6 potions of heal wounds.
 20023 | Spider:2 | 20023 ||| FLEEEEING.
 20025 | Spider:2 | 20025 ||| STAIRDANCE
 20077 | Spider:2 | 20077 ||| STAIRDANCE
 20189 | Spider:2 | 20189 ||| INVOKING Heroism.
 20190 | Spider:2 | 20190 ||| INVOKING Finesse.
 20200 | Spider:2 | Killed Donald
 20201 | Spider:2 | Reached skill level 15 in Fighting
 20202 | Spider:2 | Reached XP level 17. HP: 79/113 MP: 18/24
 20279 | Spider:2 | You are sucked into a shaft and drop 1 floor!
 20281 | Spider:3 | 20281 ||| INVOKING Heroism.
 20388 | Spider:3 | 20388 ||| INVOKING Heroism.
 20398 | Spider:3 | 20398 ||| DRINKING potion of curing.
 20398 | Spider:3 | 20398 ||| (to cure confusion)
 20631 | Spider:3 | 20631 ||| UPGRADING to amulet of reflection.
 20641 | Spider:3 | 20641 ||| DROPPING amulet of regeneration.
 20925 | Spider:3 | 20925 ||| STAIRDANCE
 20929 | Spider:3 | 20929 ||| STAIRDANCE
 20937 | Spider:3 | 20937 ||| INVOKING Heroism.
 20938 | Spider:3 | 20938 ||| INVOKING Finesse.
 20953 | Spider:3 | 20953 ||| STAIRDANCE
 21081 | Spider:3 | 21081 ||| INVOKING Heroism.
 21091 | Spider:3 | Reached skill level 22 in Ranged Weapons
 21097 | Spider:3 | Noticed Arachne
 21102 | Spider:3 | 21102 ||| INVOKING Finesse.
 21105 | Spider:3 | Killed Arachne
 21361 | Spider:3 | 21361 ||| PLANNING SWAMP:1-3
 21361 | Spider:3 | 21361 ||| DROPPING +6 ring of intelligence.
 21451 | Swamp:1  | Entered Level 1 of the Swamp
 21452 | Swamp:1  | 21452 ||| INVOKING Heroism.
 21496 | Swamp:1  | 21496 ||| FLEEEEING.
 21498 | Swamp:1  | 21498 ||| INVOKING Heroism.
 21501 | Swamp:1  | HP: 25/114 [acid (6)]
 21502 | Swamp:1  | 21502 ||| READING 5 scrolls of teleportation.
 21503 | Swamp:1  | 21503 ||| DRINKING 5 potions of heal wounds.
 21507 | Swamp:1  | HP: 15/114 [goliath frog (18)]
 21507 | Swamp:1  | HP: 7/114 [acid (8)]
 21507 | Swamp:1  | Slain by a spriggan rider

Levels and vault maps discovered:
D:1:      dpeg_arrival_circle_labyrinth_c, layout_basic
D:2:      layout_basic, serial_shops, nicolae_shop_trees
D:3:      layout_rooms, lemuel_coloured_pillars_altar, minmay_misc_feat_encased
D:4:      minmay_general_purpose_star, layout_loops_corners,
          nzn_wu_jian_contemplation, nicolae_overflow_hidden_temple,
          hangedman_abyss_or_decor_stagger
D:5:      layout_cave_pools, led_sif_book, nicolae_shop_firing_range
D:6:      layout_basic, nemelex_spade_bored_becter
D:7:      layout_loops_corners, minmay_temple_entry_gardened_gates, eino_jars
D:8:      layout_loops_ring, nicolae_yredelemnul_corpse_copse, kennysheep_mini,
          serial_shops, kennysheep_little_box
D:9:      layout_irregular_city, nicolae_uskayaw_dance_hall, orc_0_dummy,
          serial_shops, nicolae_book_shop_shelving, nicolae_titane, uniq_harold
D:10:     layout_basic, uniq_fannar
D:11:     layout_basic, hellmonk_lair_entry_icy, minmay_between
D:12:     layout_cave_pools, uniq_nessos, uniq_azrael, uniq_jorgrun, uniq_urug
D:13:     layout_small_grid
D:14:     layout_cross, david_vaults_5, roderic_roman_lattice,
          minmay_fractal_squares_gapless_7
D:15:     grunt_enter_depths_magical_seal, layout_basic, enter_trove_3,
          serial_shops, shop, patterned_corridor
Lair:1:   layout_concentric_octagons, pdpol_lair_cavern_descent,
          grunt_megastairs_3, infiniplex_staircase_pool_2
Lair:2:   beast_lair_carwin_large_2, layout_gridlike, lemuel_fruit_tree
Lair:3:   layout_regular_city, skrybe_swamp_entry_bodies,
          nicolae_spider_entry_lesser_pyramids, basic_altar
Lair:4:   nzn_winding_woodlands_three_and_one
          [nzn_winding_woodlands_5x15_default, nzn_winding_woodlands_5x15_twine,
          nzn_winding_woodlands_5x15_concentric,
          nzn_winding_woodlands_center_lodge], layout_cave_pods, slime_entry_2,
          nicolae_lair_grazing_beasts [nicolae_sub_lair_graze_edge,
          nicolae_sub_lair_graze_edge, nicolae_sub_lair_graze_edge,
          nicolae_sub_lair_graze_edge], serial_bayou_shore_b
Lair:5:   hellmonk_lair_end_abyssal_woods, layout_regular_city,
          gammafunk_ghost_grave
Swamp:1:  layout_falls_marsh, ebering_ghost_rock_garden,
          nicolae_swamp_little_swirl
Spider:1: layout_spider_delve, hangedman_spider_mandibles, uniq_josephine
Spider:2: layout_spider_delve, special_room, uniq_donald
Spider:3: layout_spider_delve, nicolae_spider_spiderdrome, uniq_arachne
Orc:1:    layout_caves, basic_altar
Orc:2:    st_orc_open, layout_caves, basic_altar, nooodl_orcs_dogs

Skill      XL: |  1  2  3  4  5  6  7  8  9 10 11 12 13 14 15 16 17 |
---------------+----------------------------------------------------+-----
Ranged Weapons | 5 6 7 8 9 11 12 14 15 17 19 20 21 22 | 22.0
Fighting       | 3 4 5 6 7 8 9 10 11 12 13 15 | 15.7
Armour         | 1 2 3 4 5 7 8 |  8.0
Dodging        | 2 3 4 5 6 8 9 10 11 | 11.0
Invocations    | 4 6 10 | 10.0
Stealth        | |  1.1

Action                     |  1- 3 |  4- 6 |  7- 9 | 10-12 | 13-15 | 16-18 || total
---------------------------+-------+-------+-------+-------+-------+-------++-------
   Fire: Shortbow          |    82 |   147 |    16 |       |       |       ||   245
         Triple crossbow   |       |       |   140 |   294 |   598 |   506 ||  1538
 Invoke: Heroism           |       |       |    12 |    22 |    26 |    16 ||    76
         Finesse           |       |       |       |       |     7 |     7 ||    14
    Use: Scroll            |     5 |     7 |     5 |     5 |     7 |     4 ||    33
         Potion            |       |     1 |     4 |     1 |     2 |     7 ||    15
 Armour: Leather armour    |     9 |     5 |       |       |       |       ||    14
         Ring mail         |       |    23 |   236 |   140 |    84 |   266 ||   749
         Troll leather arm |       |       |       |    45 |    81 |       ||   126
  Dodge: Dodged            |    17 |    31 |   466 |   431 |   560 |  1611 ||  3116
  Block: Other             |       |       |       |       |       |    33 ||    33

Table legend:
 A = Non-vault XP
 B = Vault XP
 C = Vault XP percentage of total XP
 D = Non-vault monster count
 E = Vault monster count
 F = Vault count percentage of total count
                 A         B        C        D         E       F
            +---------+---------+-------+---------+---------+-------
      Total |  141570 |   72324 |  33.8 |     663 |     205 |  23.6
            +---------+---------+-------+---------+---------+-------
        D:1 |      31 |       0 |   0.0 |      16 |       0 |   0.0
        D:2 |      77 |       0 |   0.0 |      23 |       0 |   0.0
        D:3 |      47 |       0 |   0.0 |      11 |       0 |   0.0
        D:4 |     437 |       4 |   0.9 |      23 |       3 |  11.5
        D:5 |     636 |      75 |  10.5 |      19 |       5 |  20.8
        D:6 |     569 |       0 |   0.0 |      21 |       0 |   0.0
        D:7 |     955 |     578 |  37.7 |      21 |       9 |  30.0
        D:8 |    2670 |    1016 |  27.6 |      17 |       8 |  32.0
        D:9 |    2942 |     860 |  22.6 |      42 |       1 |   2.3
       D:10 |    3607 |    1127 |  23.8 |      19 |       3 |  13.6
       D:11 |    2926 |    3126 |  51.7 |      17 |       8 |  32.0
       D:12 |    4095 |    5410 |  56.9 |      17 |       8 |  32.0
       D:13 |    6324 |       0 |   0.0 |      14 |       0 |   0.0
       D:14 |    8845 |    5691 |  39.2 |      30 |      10 |  25.0
       D:15 |    8209 |    4052 |  33.0 |      19 |       8 |  29.6
     Lair:1 |    4912 |    4392 |  47.2 |      26 |      12 |  31.6
     Lair:2 |    3929 |    1407 |  26.4 |      16 |       7 |  30.4
     Lair:3 |   11590 |    1947 |  14.4 |      38 |       4 |   9.5
     Lair:4 |    6106 |    8571 |  58.4 |      29 |      23 |  44.2
     Lair:5 |    9384 |   13040 |  58.2 |      31 |      40 |  56.3
    Swamp:1 |    4661 |       0 |   0.0 |      10 |       0 |   0.0
   Spider:1 |   21333 |    1751 |   7.6 |      69 |       5 |   6.8
   Spider:2 |   12659 |    1327 |   9.5 |      37 |       1 |   2.6
   Spider:3 |   19830 |    2206 |  10.0 |      42 |       1 |   2.3
      Orc:1 |    2499 |       0 |   0.0 |      29 |       0 |   0.0
      Orc:2 |    2297 |   15744 |  87.3 |      27 |      49 |  64.5
            +---------+---------+-------+---------+---------+-------
